PL
BOSTON PATRIOTS @ PHOENIX HOTSPUR
09/02/2032
 
TOP OF THE 1ST
Boston Patriots batting - Pitching for Phoenix Hotspur : RHP José Ruíz
Pitching: RHP José Ruíz
Batting: LHB Stanley Belote 0-0: Ground out U3 (Groundball, 3)
Batting: SHB Jorge Velázquez 0-0: DOUBLE (Groundball, 3L)
Batting: LHB Manuel Carmona 0-0: Ball
1-0: Foul Ball, location: 2F
1-1: Swinging Strike
1-2: Ball
2-2: Ground out 4-3 (Groundball, 4M)
Jorge Velázquez to third
Batting: LHB Jorge Alejándrez 0-0: SINGLE (Groundball, 2L) (infield hit)
Jorge Velázquez scores
Batting: RHB Terry Armstrong 0-0: Called Strike
0-1: Ball
Jorge Alejándrez is caught stealing 2nd base
Top of the 1st over - 1 run, 2 hits, 0 errors, 0 left on base; Boston 1 - Phoenix 0
BOTTOM OF THE 1ST
Phoenix Hotspur batting - Pitching for Boston Patriots : RHP Ralph McKinney
Pitching: RHP Ralph McKinney
Batting: RHB Kyle Bywaters 0-0: Ball
1-0: Swinging Strike
1-1: Ball
2-1: Bunt for hit - play at first, batter OUT! 3-4
Batting: LHB Francisco García 0-0: Called Strike
0-1: Swinging Strike
0-2: Ball
1-2: DOUBLE (Line Drive, 89D)
Batting: LHB Tadayoshi Watanabe 0-0: Reaches on Catchers interference
Batting: LHB Harumi Takaki 0-0: Called Strike
0-1: Hit by Pitch
Francisco García to third
Tadayoshi Watanabe to second
Batting: RHB Julián De Paz 0-0: Called Strike
0-1: Foul Ball, location: 2F
0-2: Fly out, F7 (Flyball, 7)
Runner from 3rd tags up, SCORES, throw made
Batting: RHB Pierre Bernard 0-0: Swinging Strike
0-1: Ball
1-1: Foul Ball, location: 2F
1-2: Ball
2-2: Ball
3-2: Foul Ball, location: 2F
3-2: SINGLE (Groundball, 6MD)
Tadayoshi Watanabe to third
Harumi Takaki to second
Tadayoshi Watanabe scores
Harumi Takaki to third
Batting: RHB Dale Everest 0-0: Ball
1-0: Called Strike
1-1: Ball
2-1: Swinging Strike
2-2: Ball
3-2: SINGLE (Line Drive, 34)
Harumi Takaki scores
Pierre Bernard to second
Pierre Bernard to third
Batting: LHB Mark Detamore 0-0: Ball
1-0: Foul Ball, location: 2F
1-1: Foul Ball, location: 2F
1-2: Fly out, F8 (Flyball, 8LD)
Bottom of the 1st over - 3 runs, 3 hits, 1 error, 2 left on base; Boston 1 - Phoenix 3
TOP OF THE 2ND
Boston Patriots batting - Pitching for Phoenix Hotspur : RHP José Ruíz
Batting: RHB Terry Armstrong 0-0: Ball
1-0: Ball
2-0: Swinging Strike
2-1: Ball
3-1: Swinging Strike
3-2: Ground out 4-3 (Groundball, 4)
Batting: RHB Juan Tellado 0-0: Swinging Strike
0-1: Ball
1-1: Called Strike
1-2: Ball
2-2: Ball
3-2: Reached on error, E6 (Groundball, 6)
Batting: SHB Fernando Luna 0-0: Called Strike
Juan Tellado steals 3rd base
0-1: Ball
1-1: Ball
2-1: Ball
3-1: Base on Balls
Batting: RHB Roland Deschain 0-0: Ground out 6-3 (Groundball, 6S)
Juan Tellado scores
Fernando Luna to second
Batting: RHB Stanley van de Ven 0-0: Called Strike
0-1: Swinging Strike
0-2: Ball
1-2: Ball
2-2: Strikes out looking
Top of the 2nd over - 1 run, 0 hits, 1 error, 1 left on base; Boston 2 - Phoenix 3
BOTTOM OF THE 2ND
Phoenix Hotspur batting - Pitching for Boston Patriots : RHP Ralph McKinney
Batting: RHB Jim Justice 0-0: Ball
1-0: Ball
2-0: Ground out 1-5-3 (Groundball, 15S)
Batting: RHB Kyle Bywaters 0-0: Ball
1-0: Fly out, F8 (Flyball, 8RS)
Batting: LHB Francisco García 0-0: Called Strike
0-1: Called Strike
0-2: Ball
1-2: Ball
2-2: Ground out 4-3 (Groundball, 34)
Bottom of the 2nd over - 0 runs, 0 hits, 0 errors, 0 left on base; Boston 2 - Phoenix 3
TOP OF THE 3RD
Boston Patriots batting - Pitching for Phoenix Hotspur : RHP José Ruíz
Batting: LHB Stanley Belote 0-0: Ball
1-0: Ball
2-0: Ball
3-0: Base on Balls
Batting: SHB Jorge Velázquez 0-0: Fly out, F6 (Popup, 6M)
Batting: LHB Manuel Carmona 0-0: Called Strike
0-1: Ball
1-1: Ball
2-1: Called Strike
2-2: 2-RUN HOME RUN (Line Drive, 7LD), Distance : 352 ft
Batting: LHB Jorge Alejándrez 0-0: SINGLE (Groundball, 34) (infield hit)
Batting: RHB Terry Armstrong 0-0: Ball
1-0: SINGLE (Groundball, 6D)
Jorge Alejándrez to second
Batting: RHB Juan Tellado 0-0: Ball
Jorge Alejándrez steals 3rd base
1-0: Swinging Strike
1-1: Ball
2-1: Fielders Choice at 2nd, 1-6 (Groundball, P)
Batting: SHB Fernando Luna 0-0: Ground out U3 (Groundball, 34S)
Top of the 3rd over - 2 runs, 3 hits, 0 errors, 2 left on base; Boston 4 - Phoenix 3
BOTTOM OF THE 3RD
Phoenix Hotspur batting - Pitching for Boston Patriots : RHP Ralph McKinney
Batting: LHB Tadayoshi Watanabe 0-0: Called Strike
0-1: Swinging Strike
0-2: Ball
1-2: Ball
2-2: Foul Ball, location: 2F
2-2: DOUBLE (Flyball, 8RXD)
Batting: LHB Harumi Takaki 0-0: Ground out U3 (Groundball, 3)
Tadayoshi Watanabe to third
Batting: RHB Julián De Paz 0-0: Ball
1-0: Foul Ball, location: 2F
1-1: Ball
2-1: Ball
3-1: Base on Balls
Batting: RHB Pierre Bernard 0-0: 3-RUN HOME RUN (Line Drive, 7D), Distance : 396 ft
Batting: RHB Dale Everest 0-0: Ball
1-0: Ball
2-0: Swinging Strike
2-1: Called Strike
2-2: Ball
3-2: Strikes out swinging
Batting: LHB Mark Detamore 0-0: Foul Ball, location: 2F
0-1: Foul Ball, location: 2F
0-2: Ball
1-2: SINGLE (Line Drive, 34D)
Pitching: RHP Glenn Butler
Batting: RHB Jim Justice 0-0: Swinging Strike
0-1: Called Strike
0-2: Ball
1-2: Foul Ball, location: 2F
1-2: Ball
2-2: Foul Ball, location: 2F
2-2: Ground out 4-3 (Groundball, 4)
Bottom of the 3rd over - 3 runs, 3 hits, 0 errors, 1 left on base; Boston 4 - Phoenix 6
TOP OF THE 4TH
Boston Patriots batting - Pitching for Phoenix Hotspur : RHP José Ruíz
Batting: RHB Roland Deschain 0-0: Called Strike
0-1: Ball
1-1: TRIPLE (Flyball, 7D)
Batting: RHB Stanley van de Ven 0-0: Ground out 6-3 (Groundball, 6)
Roland Deschain scores
Batting: LHB Stanley Belote 0-0: Ball
1-0: Called Strike
1-1: Called Strike
1-2: Ground out 1-3 (Groundball, 15S)
Batting: SHB Jorge Velázquez 0-0: Called Strike
0-1: Ball
1-1: Foul Ball, location: 2F
1-2: SINGLE (Line Drive, 89M)
Batting: LHB Manuel Carmona 0-0: Foul Ball, location: 2F
0-1: Ball
1-1: Fly out, F2 (Popup, 2RF)
Top of the 4th over - 1 run, 2 hits, 0 errors, 1 left on base; Boston 5 - Phoenix 6
BOTTOM OF THE 4TH
Phoenix Hotspur batting - Pitching for Boston Patriots : RHP Glenn Butler
Batting: RHB Kyle Bywaters 0-0: Called Strike
0-1: Ball
1-1: Ball
2-1: SINGLE (Line Drive, 6D)
Batting: LHB Francisco García 0-0: Called Strike
0-1: SINGLE (Line Drive, 6D)
Kyle Bywaters to second
Batting: LHB Tadayoshi Watanabe 0-0: Ball
1-0: Foul Ball, location: 2F
1-1: Ball
2-1: Foul Ball, location: 2F
2-2: Foul Ball, location: 2F
2-2: SINGLE (Groundball, 34D)
Kyle Bywaters to third
Francisco García to second
Runner from 3rd tries for Home, SAFE, no throw
Batting: LHB Harumi Takaki 0-0: Ball
1-0: Ball
2-0: Called Strike
2-1: Called Strike
2-2: Ball
3-2: Foul Ball, location: 2F
3-2: SINGLE (Flyball, 78S)
Francisco García to third
Tadayoshi Watanabe to second
Runner from 3rd tries for Home, throw and OUT!
Batting: RHB Julián De Paz 0-0: Grounds into double play, 1-4-3 (Groundball, 15)
Bottom of the 4th over - 1 run, 4 hits, 0 errors, 1 left on base; Boston 5 - Phoenix 7
TOP OF THE 5TH
Boston Patriots batting - Pitching for Phoenix Hotspur : RHP José Ruíz
Now in RF: Jason DeGeorge
Batting: LHB Jorge Alejándrez 0-0: SINGLE (Line Drive, 5D)
Batting: RHB Terry Armstrong 0-0: Called Strike
0-1: Fly out, F4 (Line Drive, 4)
Batting: RHB Juan Tellado 0-0: Ball
1-0: Called Strike
Jorge Alejándrez steals 2nd base
1-1: Fly out, F3 (Line Drive, 4)
Batting: SHB Fernando Luna 0-0: Foul Ball, location: 2F
0-1: Ball
1-1: Swinging Strike
1-2: Ball
2-2: Strikes out swinging
Top of the 5th over - 0 runs, 1 hit, 0 errors, 1 left on base; Boston 5 - Phoenix 7
BOTTOM OF THE 5TH
Phoenix Hotspur batting - Pitching for Boston Patriots : RHP Glenn Butler
Batting: RHB Pierre Bernard 0-0: Called Strike
0-1: Called Strike
0-2: SINGLE (Groundball, 6MD)
Batting: RHB Dale Everest 0-0: Called Strike
0-1: Ball
1-1: Sac Bunt - play at first, batter OUT! 5-4
Pierre Bernard to second
Batting: LHB Mark Detamore 0-0: Intentional Walk
Batting: RHB Jim Justice 0-0: Called Strike
0-1: Called Strike
0-2: Foul Ball, location: 2F
0-2: Ball
1-2: Strikes out looking
Pitching: LHP Piotr Oja
Batting: RHB Kyle Bywaters 0-0: Ball
1-0: Called Strike
1-1: Ground out 1-3 (Groundball, P)
Bottom of the 5th over - 0 runs, 1 hit, 0 errors, 2 left on base; Boston 5 - Phoenix 7
TOP OF THE 6TH
Boston Patriots batting - Pitching for Phoenix Hotspur : RHP José Ruíz
Batting: RHB Roland Deschain 0-0: Ball
1-0: Ground out 5-3 (Groundball, 56)
Batting: RHB Stanley van de Ven 0-0: Swinging Strike
0-1: Foul Ball, location: 2F
0-2: Strikes out swinging
Batting: LHB Stanley Belote 0-0: Ball
1-0: Called Strike
1-1: Foul Ball, location: 2F
1-2: Foul Ball, location: 2F
1-2: SINGLE (Line Drive, 7S)
Batting: SHB Jorge Velázquez 0-0: Ball
1-0: Ball
Wild Pitch!
Stanley Belote to second
2-0: Called Strike
2-1: Fly out, F8 (Flyball, 8RD)
Top of the 6th over - 0 runs, 1 hit, 0 errors, 1 left on base; Boston 5 - Phoenix 7
BOTTOM OF THE 6TH
Phoenix Hotspur batting - Pitching for Boston Patriots : LHP Piotr Oja
Batting: LHB Jason DeGeorge 0-0: Called Strike
0-1: Ground out 4-3 (Groundball, 4D)
Batting: LHB Tadayoshi Watanabe 0-0: Ball
1-0: Ball
2-0: Ball
3-0: Base on Balls
Batting: LHB Harumi Takaki 0-0: Ball
Wild Pitch!
Tadayoshi Watanabe to second
1-0: Swinging Strike
1-1: Ball
2-1: Foul Ball, location: 2F
2-2: Fly out, F8 (Flyball, 78M)
Batting: RHB Julián De Paz 0-0: Foul Ball, location: 2F
0-1: Ball
1-1: Foul Ball, location: 2F
1-2: Strikes out swinging
Bottom of the 6th over - 0 runs, 0 hits, 0 errors, 1 left on base; Boston 5 - Phoenix 7
TOP OF THE 7TH
Boston Patriots batting - Pitching for Phoenix Hotspur : RHP José Ruíz
Batting: LHB Manuel Carmona 0-0: Ball
1-0: Ground out 6-3 (Groundball, 6)
Batting: LHB Jorge Alejándrez 0-0: Ball
1-0: Foul Ball, location: 2F
1-1: Swinging Strike
1-2: Fly out, F5 (Popup, 5S)
Batting: RHB Terry Armstrong 0-0: Foul Ball, location: 2F
0-1: Fly out, F7 (Line Drive, 7)
Top of the 7th over - 0 runs, 0 hits, 0 errors, 0 left on base; Boston 5 - Phoenix 7
BOTTOM OF THE 7TH
Phoenix Hotspur batting - Pitching for Boston Patriots : LHP Piotr Oja
Batting: RHB Pierre Bernard 0-0: Ball
1-0: Called Strike
1-1: SINGLE (Line Drive, 56D)
Batting: RHB Dale Everest 0-0: Sac Bunt - play at first, batter OUT! 1-3
Pierre Bernard to second
Batting: LHB Mark Detamore 0-0: Ground out U3 (Groundball, 3L)
Pierre Bernard to third
Batting: RHB Jim Justice 0-0: Called Strike
0-1: Called Strike
0-2: Ball
1-2: Strikes out swinging
Bottom of the 7th over - 0 runs, 1 hit, 0 errors, 1 left on base; Boston 5 - Phoenix 7
TOP OF THE 8TH
Boston Patriots batting - Pitching for Phoenix Hotspur : RHP José Ruíz
Batting: RHB Juan Tellado 0-0: Ball
1-0: Called Strike
1-1: Ground out 6-3 (Groundball, 6)
Batting: SHB Fernando Luna 0-0: Ground out 4-3 (Groundball, 4)
Batting: RHB Roland Deschain 0-0: Ball
1-0: Called Strike
1-1: Fly out, F7 (Flyball, 7)
Top of the 8th over - 0 runs, 0 hits, 0 errors, 0 left on base; Boston 5 - Phoenix 7
BOTTOM OF THE 8TH
Phoenix Hotspur batting - Pitching for Boston Patriots : LHP Piotr Oja
Batting: RHB Kyle Bywaters 0-0: Fly out, F3 (Popup, 3SF)
Batting: LHB Jason DeGeorge 0-0: Ball
1-0: Ball
2-0: Ball
3-0: Called Strike
3-1: Ground out 4-3 (Groundball, 4)
Batting: LHB Tadayoshi Watanabe 0-0: Called Strike
0-1: Called Strike
0-2: Foul Ball, location: 2F
0-2: Foul Ball, location: 2F
0-2: Fly out, F1 (Popup, 15)
Bottom of the 8th over - 0 runs, 0 hits, 0 errors, 0 left on base; Boston 5 - Phoenix 7
TOP OF THE 9TH
Boston Patriots batting - Pitching for Phoenix Hotspur : RHP José Ruíz
Pitching: RHP Santiago Alonza
Batting: RHB Stanley van de Ven 0-0: Ball
1-0: SOLO HOME RUN (Flyball, 9LD), Distance : 354 ft
Batting: LHB Stanley Belote 0-0: Ball
1-0: Ball
2-0: Called Strike
2-1: Ball
3-1: Base on Balls
Batting: SHB Jorge Velázquez 0-0: Ball
1-0: Fly out, F8 (Line Drive, 89D)
Batting: LHB Manuel Carmona 0-0: Ball
Stanley Belote steals 2nd base
1-0: Called Strike
1-1: Ball
2-1: Ball
3-1: Foul Ball, location: 2F
3-2: Base on Balls
Batting: LHB Jorge Alejándrez 0-0: Ball
1-0: Ball
2-0: Foul Ball, location: 2F
2-1: Fly out, F9 (Flyball, 9D)
Runner from 2nd tags up, SAFE at 3rd, no throw
Batting: RHB Terry Armstrong 0-0: Called Strike
0-1: Ball
1-1: Ball
2-1: Ball
3-1: Foul Ball, location: 2F
3-2: Base on Balls
Manuel Carmona to second
Batting: RHB Juan Tellado 0-0: Foul Ball, location: 2F
0-1: Ball
1-1: Ground out 5-3 (Groundball, 56S)
Top of the 9th over - 1 run, 1 hit, 0 errors, 3 left on base; Boston 6 - Phoenix 7
Wednesday, September 19th, 2018 - OOTP Baseball 18.8 Build 76